 Dungeon Crawl Stone Soup version 0.31.0-11-ge490571c62 (webtiles) character file.

Game seed: 7793519813223773315

928 PaiMei the Grave Robber (level 7, -1/54 HPs)
             Began as a Demonspawn Necromancer on Feb 7, 2024.
             Slain by a lemure (6 damage)
             ... led by Pikel
             ... on level 5 of the Dungeon on Feb 8, 2024.
             The game lasted 00:08:05 (5781 turns).

PaiMei the Grave Robber (Demonspawn Necromancer)    Turns: 5781, Time: 00:08:05

Health: -1/54      AC:  5    Str:  8    XL:     7   Next: 85%
Magic:  2/13       EV: 13    Int: 17    God:
Gold:   301        SH:  0    Dex: 14    Spells: 11/15 levels left

rFire   . . .        v - +2 dagger (drain)
rCold   . . .        (no shield)
rNeg    . . .        x - +0 leather armour {Will+}
rPois   +            r - +1 helmet
rElec   .            (no cloak)
rCorr   .            (no gloves)
SInv    .            (no boots)
Will    +....        (no amulet)
Stlth   ++           g - ring of poison resistance
HPRegen 0.29/turn    (no ring)
MPRegen 0.13/turn

%: no passive effects
@: no status effects
A: claws 1, demonic guardian 1, ignite blood 2
a: no special abilities


You were on level 5 of the Dungeon.
You visited 1 branch of the dungeon, and saw 5 of its levels.

You collected 301 gold pieces.

Inventory:

Hand Weapons
 c - a +0 whip
 d - a +2 short sword of protection
 v - a +2 dagger of draining (weapon)
Missiles
 y - a throwing net
 A - 6 poisoned darts (quivered)
Armour
 a - a +0 robe
 r - a +1 helmet (worn)
 x - a +0 leather armour of willpower (worn)
Jewellery
 g - a ring of poison resistance (left claw)
Scrolls
 f - a scroll of blinking {unknown}
 j - 2 scrolls of identify {unknown}
 k - a scroll of teleportation {unknown}
 l - a scroll of poison {unknown}
 m - a scroll of enchant armour {unknown}
 o - a scroll of fear {unknown}
 q - a scroll of revelation {unknown}
 t - a scroll of noise {unknown}
 u - a scroll of vulnerability {unknown}
 z - a scroll of immolation {unknown}
Potions
 b - 2 potions of magic
 e - 2 potions of curing {unknown}
 h - 2 potions of brilliance {unknown}
 i - a potion of attraction {unknown}
 n - a potion of ambrosia {unknown}
 p - a potion of heal wounds {unknown}
 s - 2 potions of mutation {unknown}
 w - a potion of resistance {unknown}
 B - a potion of invisibility {unknown}


   Skills:
 + Level 4.0 Fighting
 + Level 4.4 Dodging
 - Level 2.0 Stealth
 + Level 4.5 Spellcasting
 + Level 6.6 Necromancy


You had 11 spell levels left.
You knew the following spells:

 Your Spells              Type           Power      Damage    Failure   Level
a - Necrotise             Necr           100%       1d9       1%          1
b - Vampiric Draining     Necr           26%        2d7       4%          3

Your spell library contained the following spells:

 Spells                   Type           Power      Damage    Failure   Level
 Animate Dead             Necr           26%        N/A       14%         4
 Curse of Agony           Necr           26%        N/A       36%         5
 Dazzling Flash           Conj/Hex       6%         N/A       54%         3
 Mephitic Cloud           Conj/Alch/Air  3%         N/A       54%         3
 Iskenderun's Battlesphe  Conj           3%         2d6       99%         5
 Silence                  Hex/Air        1%         N/A       99%         5
 Bombard                  Conj/Erth      1%         9d1       100%        6
 Spellforged Servitor     Conj/Summ      1%         N/A       100%        7


Dungeon Overview and Level Annotations

Branches:
Dungeon (5/15)
 Temple: D:4-7

Altars:
Vehumet

Annotations:
D:4 Grinder
D:5 Pikel


Innate Abilities, Weirdness & Mutations

You have sharp fingernails.
A weak demonic guardian rushes to your aid.
Your demonic aura often causes spilled blood to erupt in flames.


Message History

Confirm with . or Enter, or press ? or * to list all spells.
You don't have enough magic to cast this spell.
You hit Pikel but do no damage. You drain Pikel.
Pikel is severely wounded.
The hound bites you. Pikel misses you. The lemure misses you. x2
The hound bites you. The lemure closely misses you.
Casting: Vampiric Draining (dangerous; 4% risk of failure)
Confirm with . or Enter, or press ? or * to list all spells.
You don't have enough magic to cast this spell.
You barely miss Pikel.
Pikel is severely wounded.
Pikel closely misses you. The hound misses you. The lemure closely misses you.
The lemure hits you. The lemure hits you but does no damage.
You closely miss Pikel.
Pikel is severely wounded.
The hound bites you.
Pikel hits you with a +2 whip of flaming.
Pikel burns you. The lemure hits you but does no damage. The lemure misses you.
The lemure barely misses you. The hound barely misses you. The lemure hits you.
Casting: Vampiric Draining (dangerous; 4% risk of failure)
Confirm with . or Enter, or press ? or * to list all spells.
Aiming: Necrotise (safe; 1% risk of failure)
Press: ? - help, Shift-Dir - straight line, f/p - Pikel
Aim: Pikel, wielding a +2 whip of flaming and wearing a +0 robe (severely wounded, lightly drained, chance to affect: 87%) Pikel writhes in agony.
Pikel hits you with a +2 whip of flaming.
Pikel burns you. The hound barely misses you. The lemure misses you.
The lemure hits you but does no damage. The lemure closely misses you. x2
You hit Pikel but do no damage. You drain Pikel.
You claw Pikel, but do no damage.
Pikel is almost dead.
The hound bites you.
* * * LOW HITPOINT WARNING * * *
Pikel hits you with a +2 whip of flaming.
* * * LOW HITPOINT WARNING * * *
A demonic guardian appears!
Pikel burns you.
* * * LOW HITPOINT WARNING * * *
The lemure misses you. The lemure hits you but does no damage.
The lemure hits you.
You die...

#.............
...........#
.................#.#
.................#.#
.................#.#
.................#.#####
.................#.#....
.........5....(..#......
......hK5...............
......5@5........#####.#
......5..........#####.#
........................
####.....###########....
#.....# #..... #.....#
##.... #.....# #....
####### #.... #....


You could see Pikel (very drained), 4 lemures, a hound and a friendly white imp
(summoned).

Vanquished Creatures
  Edmund (D:5)
  An ice beast (D:5)
  A black bear (D:5)
  A centaur (D:5)
  A kobold brigand (D:3)
  3 scorpions (D:5)
  2 jellies (D:5)
  2 iguanas
  6 adders
  A dart slug (D:1)
  A ribbon worm (D:3)
  11 orcs
  4 bats
  8 endoplasms
  4 giant cockroaches
  9 goblins
  7 hobgoblins
  3 jackals (D:2)
  3 quokkas
  15 ball pythons
  5 frilled lizards
  9 kobolds
  5 rats
103 creatures vanquished.

Vanquished Creatures (collateral kills)
  A jelly (D:5)
  A goblin (D:3)
  A hobgoblin (D:1)
  A ball python (D:1)
4 creatures vanquished.

Grand Total: 107 creatures vanquished

Notes
Turn   | Place    | Note
-------+----------+-------------------------------------------
     0 | D:1      | PaiMei the Demonspawn Necromancer began the quest for the
                  | Orb.
     0 | D:1      | Reached XP level 1. HP: 13/13 MP: 3/3
   189 | D:1      | Gained mutation: Your demonic aura sometimes causes spilled
                  | blood to erupt in flames. [demonic ancestry]
   189 | D:1      | Reached XP level 2. HP: 19/19 MP: 3/5
   887 | D:2      | Gained mutation: You have sharp fingernails. [demonic
                  | ancestry]
   887 | D:2      | Reached XP level 3. HP: 25/25 MP: 2/6
   891 | D:2      | Learned a level 3 spell: Vampiric Draining
  1006 | D:2      | Reached skill level 1 in Fighting
  1391 | D:2      | Reached XP level 4. HP: 32/32 MP: 0/7
  2193 | D:3      | Reached skill level 5 in Necromancy
  3312 | D:4      | Noticed a kobold brigand
  3343 | D:3      | Killed a kobold brigand
  3344 | D:3      | Gained mutation: Your demonic aura often causes spilled
                  | blood to erupt in flames. [demonic ancestry]
  3344 | D:3      | Reached XP level 5. HP: 25/38 MP: 0/9
  3443 | D:4      | Noticed Grinder
  4209 | D:5      | Entered Level 5 of the Dungeon
  4209 | D:5      | Noticed an ice beast
  4285 | D:5      | Noticed a centaur
  4289 | D:5      | Noticed Edmund
  4292 | D:5      | Killed a centaur
  4293 | D:5      | Reached XP level 6. HP: 38/46 MP: 0/11
  4548 | D:5      | Killed Edmund
  4661 | D:5      | Killed an ice beast
  4662 | D:5      | Reached skill level 6 in Necromancy
  4662 | D:5      | Gained mutation: A weak demonic guardian rushes to your
                  | aid. [demonic ancestry]
  4662 | D:5      | Reached XP level 7. HP: 48/52 MP: 1/12
  4971 | D:5      | Found a radiant altar of Vehumet.
  5764 | D:5      | Noticed Pikel
  5781 | D:5      | Slain by a lemure

Illustrated notes

Levels and vault maps discovered:
D:1:      tarquinn_simple_flora_water_d, layout_rooms
D:2:      layout_rooms, grunt_ministairs_2, minmay_tetromino_t2
D:3:      layout_basic
D:4:      layout_cave_pools, chequers_serial_rivers_marsh,
          lexackson_kobold_supper, uniq_grinder
D:5:      layout_basic, nicolae_vehumet_altar_sigil, uniq_edmund, uniq_pikel

Skill      XL: |  1  2  3  4  5  6  7 |
---------------+----------------------+-----
Stealth        | 2 |  2.0
Dodging        | 2 3 4 |  4.4
Fighting       | 1 2 3 4 |  4.0
Necromancy     | 5 6 |  6.6
Spellcasting   | 3 4 |  4.5

Action                     |  1- 3 |  4- 6 |  7- 9 || total
---------------------------+-------+-------+-------++-------
  Melee: Unarmed           |     4 |       |       ||     4
         Whip              |     2 |       |       ||     2
         Short sword       |     8 |     5 |       ||    13
         Dagger            |       |    17 |     9 ||    26
         Punch             |       |       |     1 ||     1
   Cast: Necrotise         |    75 |    98 |    56 ||   229
         Vampiric Draining |       |     3 |     4 ||     7
 Armour: Robe              |    11 |    12 |       ||    23
         Leather armour    |       |    38 |    43 ||    81
  Dodge: Dodged            |    38 |    45 |    48 ||   131
